 Dungeon Crawl Stone Soup version 0.22.0-75-g3901e7991e (webtiles) character file.

487 IceCat the Chopper (level 7, -9/42 HPs)
             Began as a Gargoyle Gladiator on Sept 12, 2018.
             Was an Initiate of the Shining One.
             Killed by divine providence
             ... invoked by an orc priest
              (11 damage)
             ... on level 4 of the Dungeon.
             The game lasted 00:05:27 (3923 turns).

IceCat the Chopper (Gargoyle Gladiator)             Turns: 3923, Time: 00:05:28

Health: -9/42      AC: 11    Str: 18    XL:     7   Next: 13%
Magic:  7/7        EV: 12    Int:  8    God:    the Shining One [......]
Gold:   317        SH:  0    Dex: 13    Spells: 6/6 levels left

rFire    + . .     SeeInvis .   a - +0 war axe
rCold    . . .     Gourm    .   (no shield)
rNeg     + . .     Faith    .   s - +0 ring mail
rPois    ∞         Spirit   .   c - +0 helmet
rElec    +         Reflect  .   (no cloak)
rCorr    .         Harm     .   (no gloves)
MR       .....                  (no boots)
Stlth    +.........             (no amulet)
HPRegen  0.14/turn              i - ring of wizardry
MPRegen  0.10/turn              q - ring of protection from fire

@: glowing
A: negative energy resistance 1, electricity resistance, unbreathing,
petrification resistance, rot immunity, AC +4
a: Renounce Religion


You were on level 4 of the Dungeon.
You worshipped the Shining One.
The Shining One was noncommittal.
You were hungry.

You visited 2 branches of the dungeon, and saw 5 of its levels.

You collected 317 gold pieces.

Inventory:

Hand Weapons
 a - a +0 war axe (weapon)
Missiles
 d - 4 throwing nets (quivered)
Armour
 b - a +0 leather armour
 c - a +0 helmet (worn)
 s - a +0 ring mail (worn)
Jewellery
 i - a ring of wizardry (left hand)
 q - a ring of protection from fire (right hand)
 u - a cursed ring of attention {unknown}
Wands
 m - a wand of flame (25)
 w - a wand of paralysis (9)
Scrolls
 e - 8 scrolls of identify {unknown}
 h - a scroll of magic mapping {unknown}
 l - 3 scrolls of remove curse {unknown}
 n - a scroll of random uselessness {unknown}
 p - 2 scrolls of enchant armour {unknown}
 t - 3 scrolls of teleportation {unknown}
 v - a scroll of enchant weapon {unknown}
 x - a scroll of immolation {unknown}
Potions
 g - 3 potions of curing {unknown}
 j - a potion of flight {unknown}
 k - a potion of might
 o - a potion of haste {unknown}
 r - a potion of agility {unknown}
Comestibles
 f - 11 rations


   Skills:
 + Level 3.7 Fighting
 + Level 5.1 Axes
 + Level 1.8 Throwing
 + Level 3.2 Armour
 + Level 3.5 Dodging
 + Level 0.9 Stealth


You had 6 spell levels left.
You didn't know any spells.
Your spell library was empty.

Dungeon Overview and Level Annotations

Branches:
Dungeon (4/15)             Temple (1/1) D:4

Altars:
Ashenzari
Cheibriados
Dithmenos
Elyvilon
Fedhas
Hepliaklqana
Nemelex Xobeh
Okawaru
Sif Muna
Trog
Uskayaw
Wu Jian
Xom
Yredelemnul
Zin
The Shining One


Innate Abilities, Weirdness & Mutations

You are resistant to torment.
Your stone body is resilient. (AC +4)
You are immune to poison.
You resist negative energy. (rN+)
You are resistant to electric shocks. (rElec)
You can survive without breathing.
You are immune to petrification.
You are immune to rotting.


Message History

You hit the orc priest.
The orc priest is severely wounded.
The orc priest invokes the aid of Beogh against you.
Pain shoots through your body!
* * * LOW HITPOINT WARNING * * *
You hit the orc priest but do no damage.
The orc priest is severely wounded.
The orc priest looks satisfied for a moment.
You closely miss the orc priest.
The orc priest is severely wounded.
The orc priest mumbles some strange prayers to Beogh against you.
You struggle to resist.
The orc priest barely misses you.
You closely miss the orc priest.
The orc priest is severely wounded.
The orc priest misses you.
You hit the orc priest.
The orc priest is almost dead.
The orc priest invokes the aid of Beogh against you.
Beogh smites you!
You die...

#....†..## #
#........# ### #
#........# ##8# #
###...##.# #.># #
#...##.###(8#######
##.###.............
#.# ##############
#.# # #@# # #o# #
#o# # $o. # ... #
..... # ..... ##
.#...## #####.
#.....


You could see an orc priest and 2 orcs.

Vanquished Creatures
  A big kobold (D:3)
  A scorpion (D:4)
  3 orc wizards (D:4)
  2 iguanas (D:4)
  A worker ant (D:4)
  3 gnolls
  A howler monkey skeleton (D:4)
  8 adders
  6 worms
  5 leopard geckos
  5 orcs
  A ball python (D:3)
  7 bats
  2 giant cockroaches
  7 goblins
  8 hobgoblins
  8 jackals
  8 kobolds
  4 frilled lizards
  A quokka skeleton (D:4)
  9 rats
91 creatures vanquished.

Notes
Turn   | Place    | Note
-------+----------+-------------------------------------------
     0 | D:1      | IceCat the Gargoyle Gladiator began the quest for the Orb.
     0 | D:1      | Reached XP level 1. HP: 12/12 MP: 1/1
   302 | D:1      | Reached XP level 2. HP: 17/17 MP: 2/2
   832 | D:2      | Reached skill level 3 in Axes
   954 | D:2      | Reached XP level 3. HP: 2/22 MP: 3/3
  1339 | D:2      | Reached skill level 1 in Armour
  1389 | D:2      | Reached XP level 4. HP: 24/27 MP: 4/4
  2290 | D:3      | Reached XP level 5. HP: 32/32 MP: 5/5
  2368 | D:3      | Noticed a big kobold
  2390 | D:3      | Killed a big kobold
  2954 | D:4      | Reached skill level 4 in Axes
  3006 | D:4      | Reached XP level 6. HP: 23/37 MP: 6/6
  3463 | D:4      | Reached XP level 7. HP: 42/42 MP: 7/7
  3526 | D:4      | Found an ornate altar of the Wu Jian Council.
  3636 | D:4      | Found a staircase to the Ecumenical Temple.
  3641 | Temple   | Entered the Ecumenical Temple
  3771 | Temple   | Became a worshipper of the Shining One
  3910 | D:4      | Reached skill level 5 in Axes
  3919 | D:4      | HP: 1/42 [orc priest/nerve-wracking pain (4)]
  3923 | D:4      | Killed from afar by an orc priest

Skill      XL: |  1  2  3  4  5  6  7 |
---------------+----------------------+-----
Axes           | 3 4 5 |  5.1
Dodging        | 3 |  3.5
Armour         | 1 2 3 |  3.2
Fighting       | 3 |  3.7
Throwing       | |  1.8
Stealth        | |  0.9

Action                   |  1- 3 |  4- 6 |  7- 9 || total
-------------------------+-------+-------+-------++-------
Melee: War axe           |    81 |   159 |    25 ||   265
  Eat: Chunk             |     1 |     7 |     1 ||     9
Armor: Leather armour    |    34 |    23 |       ||    57
       Ring mail         |       |    44 |    10 ||    54
Dodge: Dodged            |    54 |   128 |     8 ||   190
